 Dungeon Crawl Stone Soup version 0.27-a0-1200-g94dc6ad4cf (webtiles) character file.

Game seed: 13524853879154955233

32 Glokmah the Vexing (level 3, -2/27 HPs)
             Began as a Formicid Arcane Marksman on May 30, 2021.
             Succumbed to a goblin's poison
             ... on level 1 of the Dungeon.
             The game lasted 00:02:14 (943 turns).

Glokmah the Vexing (Formicid Arcane Marksman)        Turns: 943, Time: 00:02:14

Health: -2/27      AC:  3    Str: 14    XL:     3   Next: 45%
Magic:  5/5        EV: 11    Int: 12    God:
Gold:   15         SH:  0    Dex: 12    Spells: 3/4 levels left

rFire    . . .     SeeInvis +   b - +0 mace
rCold    . . .     Faith    .   (no shield)
rNeg     . . .     Spirit   .   h - +0 leather armour
rPois    .         Reflect  .   (helmet unavailable)
rElec    .         Harm     .   (no cloak)
rCorr    .         Rampage  .   (no gloves)
Will     .....                  (no boots)
Stlth    +.........             c - amulet of the acrobat
HPRegen  0.09/turn              (no ring)
MPRegen  0.09/turn              (no ring)

@: lethally poisoned (-2 -> -28), flying
A: permanent stasis, dig shafts and tunnels, antennae 3, four strong arms
a: Dig, Shaft Self


You were on level 1 of the Dungeon.
You visited 1 branch of the dungeon, and saw 2 of its levels.

You collected 15 gold pieces.

Inventory:

Hand Weapons
 a - a +0 hand crossbow
 b - a +0 mace (weapon)
Missiles
 d - 15 bolts
Armour
 h - a +0 leather armour (worn)
Jewellery
 c - an amulet of the acrobat (around neck)
Scrolls
 e - a scroll of identify {unknown}
Potions
 f - 2 potions of flight
 g - a potion of haste


   Skills:
 + Level 1.6 Fighting
 * Level 2.6 Crossbows
 - Level 1.7 Dodging
 + Level 1.4 Spellcasting
 * Level 4.2 Hexes


You had 3 spell levels left.
You knew the following spells:

 Your Spells              Type           Power      Damage    Failure   Level
a - Corona                Hex            12%        N/A       6%          1

Your spell library contained the following spells:

 Spells                   Type           Power      Damage    Failure   Level
 Slow                     Hex            11%        N/A       10%         2
 Inner Flame              Hex/Fire       5%         N/A       43%         3
 Portal Projectile        Hex/Tloc       10%        N/A       43%         3
 Cause Fear               Hex            5%         N/A       54%         4
 Leda's Liquefaction      Hex/Erth       2%         N/A       83%         4


Dungeon Overview and Level Annotations

Branches:
Dungeon (2/15)

Altars:

Shops:
D:2 =


Innate Abilities, Weirdness & Mutations

You cannot be hasted, slowed, berserked, paralysed or teleported.
You can dig through walls and to a lower floor.
You have a pair of large antennae on your head. (SInv)
Your four strong arms can wield two-handed weapons with a shield.


Message History

You now have 15 gold pieces (gained 10).
You see here 31 stones.
There is an entrance to Edebbuewk's Jewellery Boutique here.
There is a fountain of clear blue water here.
There is a stone staircase leading up here.
You see here a bat corpse.
You start resting.
A goblin comes into view. It is wielding a +0 dagger of venom.
The goblin shouts!
You hear an angry hiss.
An adder comes into view.
There is a stone staircase leading up here.
You see here a bat corpse.
The adder hisses angrily.
You hit the goblin.
The goblin is severely wounded.
The goblin misses you.
The goblin hits you with a +0 dagger of venom.
You are poisoned.
You feel sick.
There is a stone staircase leading up here.
You see here a bat corpse.
You feel sick. The adder barely misses you.
The goblin hits you with a +0 dagger of venom.
You are more poisoned.
You climb upwards.
You feel very sick.
There is a stone staircase leading down here.
It was a potion of flight.
You feel very buoyant.
You fly up into the air.
You feel sick. The adder bites you.
You are lethally poisoned!
The adder poisons you!
The goblin hits you with a +0 dagger of venom.
* * * LOW HITPOINT WARNING * * *
You are more poisoned.
The adder bites you.
* * * LOW HITPOINT WARNING * * *
It was a potion of haste.
Your stasis prevents you from being hasted.
You die...

.#.#################
...................#
##.###############.#
...# #.....#.#
############.###.#.#
........†......#.#.#
############)#...#.#
#.#####.# #...g@S.#
#########


You could see an adder and a goblin.

Vanquished Creatures
  A dart slug (D:1)
  An endoplasm (D:1)
  A giant cockroach (D:1)
  A goblin (D:1)
  A hobgoblin (D:1)
  3 quokkas (D:1)
  5 ball pythons (D:1)
  11 bats
  A frilled lizard (D:1)
  2 kobolds (D:1)
  4 rats (D:1)
31 creatures vanquished.

Notes
Turn   | Place    | Note
-------+----------+-------------------------------------------
     0 | D:1      | Glokmah the Formicid Arcane Marksman began the quest for
                  | the Orb.
     0 | D:1      | Reached XP level 1. HP: 15/15 MP: 2/2
    86 | D:1      | Found a faded altar of an unknown god.
    93 | D:1      | Reached XP level 2. HP: 21/21 MP: 3/3
   132 | D:1      | Reached skill level 4 in Hexes
   456 | D:1      | Reached XP level 3. HP: 26/26 MP: 5/5
   894 | D:2      | Found Edebbuewk's Jewellery Boutique.
   943 | D:1      | Succumbed to a goblin's poison

Illustrated notes

Levels and vault maps discovered:
D:1:      lemuel_arrival_hallway, layout_basic, ebering_ecumenical_altar_webs
D:2:      layout_loops_ring, serial_shops, shop_fountains

Skill      XL: |  1  2 |
---------------+-------+-----
Hexes          | 4 |  4.2
Fighting       | |  1.6
Crossbows      | |  2.6
Dodging        | |  1.7
Spellcasting   | |  1.4

Action                   || total
-------------------------++-------
Melee: Mace              ||    42
 Fire: Hand crossbow     ||    24
 Cast: Corona            ||     1
  Use: Potion            ||     2
Armor: Leather armour    ||    27
Dodge: Dodged            ||    60

Table legend: (Time is in decaauts)
 A = Elapsed time spent in this place.
 B = Non-inter-level travel time spent in this place.
 C = Inter-level travel time spent in this place.
 D = Time resting spent in this place.
 E = Time spent auto-exploring this place.
 F = Levels seen in this place.
 G = Mean time per level.
                   A        B        C        D        E       F      G
               +--------+--------+--------+--------+--------+-----+--------+
         Total |    969 |    833 |    136 |     14 |    480 |   2 |  484.5 |
       Dungeon |    969 |    833 |    136 |     14 |    480 |   2 |  484.5 |
               +--------+--------+--------+--------+--------+-----+--------+

Top non-repeatable levels by time:
     D:1: 918 daAuts
     D:2: 50 daAuts
